 Dungeon Crawl Stone Soup version 0.29.1-2-gbd0b4ee654 (webtiles) character file.

Game seed: 10839673215795565952

543 LustLizard the Changer (level 7, 0/45 HPs)
             Began as an Octopode Transmuter on Nov 29, 2022.
             Slain by an orc
             ... wielding a +0 flail
              (9 damage)
             ... on level 5 of the Dungeon.
             The game lasted 00:10:21 (4682 turns).

LustLizard the Changer (Octopode Transmuter)        Turns: 4682, Time: 00:10:21

Health: 0/45       AC:  1    Str: 16    XL:     7   Next: 27%
Magic:  11/11      EV: 13    Int: 17    God:
Gold:   314        SH:  0    Dex: 12    Spells: 5/12 levels left

rFire   . . .      SeeInvis .     - Unarmed
rCold   . . .      Faith    .   (no shield)
rNeg    . . .      Spirit   .   (helmet currently unavailable)
rPois   .          Reflect  .   (no amulet)
rElec   .          Harm     .   i - +6 ring of strength
rCorr   .          Rampage  .   (no ring)
Will    .....                   (no ring)
Stlth   +++.......              (no ring)
HPRegen 0.15/turn               (no ring)
MPRegen 0.12/turn               (no ring)
                                (no ring)
                                (no ring)

@: appendages (expiring)
A: tentacle spike 3, almost no armour, amphibious, 8 rings, camouflage 1,
gelatinous body 1, (nimble swimmer 1), tentacles
a: End Transformation


You were on level 5 of the Dungeon.
One of your tentacles had grown a beastly spike.
You visited 1 branch of the dungeon, and saw 5 of its levels.

You collected 314 gold pieces.

Inventory:

Armour
 f - a +0 hat (melded)
Jewellery
 i - a +6 ring of strength (left tentacle)
 n - a ring of fire
 t - a ring of magical power
Wands
 r - a wand of light (7)
Scrolls
 b - a scroll of fog {unknown}
 e - a scroll of vulnerability {unknown}
 j - 2 scrolls of enchant weapon {unknown}
 l - 2 scrolls of enchant armour {unknown}
 m - a scroll of brand weapon {unknown}
 p - a scroll of amnesia {unknown}
 q - a scroll of teleportation {unknown}
 s - a scroll of blinking {unknown}
Potions
 a - 2 potions of lignification
 c - 2 potions of might
 d - a potion of magic
 g - 3 potions of curing
 h - a potion of ambrosia {unknown}
 k - a potion of haste {unknown}
 o - 2 potions of heal wounds


   Skills:
 - Level 2.7 Fighting
 - Level 2.0 Dodging
 - Level 3.4 Stealth
 + Level 4.1 Unarmed Combat
 + Level 3.2 Spellcasting
 * Level 4.7 Transmutations
 * Level 2.2 Ice Magic


You had 5 spell levels left.
You knew the following spells:

 Your Spells              Type           Power      Damage    Failure   Level
a - Beastly Appendage     Tmut           36%        N/A       2%          1
b - Wereblood             Tmut           18%        N/A       3%          2
c - Ice Form              Ice/Tmut       14%        N/A       38%         4

Your spell library contained the following spells:

 Spells                   Type           Power      Damage    Failure   Level
 Slow                     Hex            8%         N/A       17%         1
 Spider Form              Tmut/Pois      10%        N/A       21%         3
 Confusing Touch          Hex            2%         N/A       45%         3
 Vampiric Draining        Necr           2%         2d6       45%         3


Dungeon Overview and Level Annotations

Branches:
Dungeon (5/15)
 Temple: D:4-7

Altars:
Ashenzari
Dithmenos
Elyvilon
Kikubaaqudgha
Wu Jian
Zin

Shops:
D:2 [


Innate Abilities, Weirdness & Mutations

One of your tentacles has grown a beastly spike.
You cannot wear most types of armour.
You are amphibious.
You can wear up to eight rings at the same time.
Your skin changes colour to match your surroundings (Stealth+).
Your rubbery body absorbs attacks. (AC +1, EV +1)
((You are camouflaged when in or above water. (Stealth+)))
You have tentacles for arms and can constrict up to eight enemies at once.


Message History

Your primal bloodlust is almost over.
An orc comes into view. It is wielding a +0 flail.
The orc shouts!
You hear an angry growl.
A black bear and an orc priest come into view.
The orc priest is wielding a +2 falchion of holy wrath.
The black bear growls angrily.
Something hits you.
You miss something.
The orc priest shouts!
Your tentacle spike misses something.
You squeeze something.
You hear a howl!
The orc barely misses you. Something barely misses you.
An orc comes into view. It is wielding a +0 falchion.
The orc hits you with a +0 flail.
You closely miss something.
The orc shouts!
Your tentacle spike misses something.
You hear a shout!
A howler monkey comes into view.
The orc hits you with a +0 dagger.
You hear some strange, mumbled words.
A puff of flame appears from out of thin air!
The puff of flame hits you! The orc hits you with a +0 flail!
The orc barely misses you.
The orc priest looks satisfied for a moment.
An ogre comes into view. It is wielding a +0 giant spiked club.
You barely miss the orc. Your grab misses the orc.
The orc hits you with a +0 dagger. Something hits you but does no damage.
The orc hits you with a +0 flail!
* * * LOW HITPOINT WARNING * * *
The orc barely misses you.
Unknown command.
You tentacle-slap the orc. You grab the orc.
You pierce the orc.
You feel a bit better.
You kill the orc!
Your primal bloodlust has ended.
Something hits you.
* * * LOW HITPOINT WARNING * * *
The orc hits you with a +0 flail!
You die...

# ...# ## #.O#######
.. ######h.....#.. #.
#......oo...... .
#.............. #
#......oh...... #
......{o....... # ###
#.>....@o...... #.##.#
#..............
###..#.#
#...........>..
.....#.#
#.......:...#$.
###..#.##.........##.#
# # #..#..........†.#
.# #..#..######...##
.# #.....# #.#.# .##
#.#.#.### #.#.#
..#####


You could see a black bear, an ogre, a howler monkey, an orc priest and 4 orcs.

Vanquished Creatures
  3 orc priests
  2 hounds (D:3)
  3 iguanas
  2 orc wizards (D:4)
  Natasha (thrice) (D:4)
  4 adders
  A shadow imp (D:5)
  2 ufetubi
  2 worms (D:2)
  3 dart slugs
  12 orcs
  12 ball pythons
  5 endoplasms
  2 giant cockroaches
  7 goblins
  15 hobgoblins
  8 jackals
  9 kobolds
  9 quokkas
  7 bats
  7 frilled lizards
  10 rats
128 creatures vanquished.

Vanquished Creatures (others)
  8 fungi (D:2)
  10 plants
  5 toadstools (D:1)
23 creatures vanquished.

Grand Total: 151 creatures vanquished

Notes
Turn   | Place    | Note
-------+----------+-------------------------------------------
     0 | D:1      | LustLizard the Octopode Transmuter began the quest for the
                  | Orb.
     0 | D:1      | Reached XP level 1. HP: 13/13 MP: 3/3
   264 | D:1      | Reached XP level 2. HP: 13/18 MP: 3/5
   675 | D:1      | Reached skill level 1 in Stealth
   677 | D:1      | Reached XP level 3. HP: 18/23 MP: 4/6
  1069 | D:2      | Found Febenu's Armour Boutique.
  1077 | D:2      | Learned a level 2 spell: Wereblood
  1375 | D:2      | Found a faded altar of an unknown god.
  2119 | D:2      | Reached XP level 4. HP: 28/28 MP: 3/7
  2255 | D:3      | Reached XP level 5. HP: 24/34 MP: 6/8
  2274 | D:3      | Found a shadowy altar of Dithmenos.
  2287 | D:3      | Identified the +3 scale mail "Nugih" {rCorr}
  2373 | D:3      | Identified the +10 war axe of Beogh's Castigation {venom,
                  | Drain Will++ Str+5}
  2473 | D:3      | Found an ancient bone altar of Kikubaaqudgha.
  2763 | D:3      | Found a glowing silver altar of Zin.
  2763 | D:3      | Found a white marble altar of Elyvilon.
  3255 | D:3      | Learned a level 4 spell: Ice Form
  3268 | D:4      | Reached XP level 6. HP: 38/41 MP: 7/10
  3302 | D:4      | Found an ornate altar of the Wu Jian Council.
  3319 | D:4      | Reached skill level 1 in Ice Magic
  3901 | D:4      | Noticed Natasha
  3915 | D:4      | Killed Natasha
  4132 | D:4      | Noticed Natasha
  4141 | D:4      | Killed Natasha
  4142 | D:4      | Reached XP level 7. HP: 38/45 MP: 7/11
  4193 | D:4      | Noticed Natasha
  4209 | D:4      | Killed Natasha
  4380 | D:5      | Entered Level 5 of the Dungeon
  4458 | D:5      | Found a broken altar of Ashenzari.
  4682 | D:5      | Slain by an orc

Illustrated notes

Levels and vault maps discovered:
D:1:      ldierk_walled_garden, layout_rooms
D:2:      layout_loops_ring, serial_shops, shop,
          shapermc_ecumenical_altar_mp_urbaneastern
D:3:      minmay_octagon_keep, layout_basic, nicolae_overflow_two_pavilions,
          nicolae_dithmenos_shadow_blocks, mainiacjoe_overflow_surrounded_room,
          minmay_goblin_kobold_house
D:4:      layout_loops_ring, lemuel_doored_altar, minmay_vboxes, uniq_natasha
D:5:      layout_rooms, trog_ov_bears_minmay,
          nicolae_hepliaklqana_ecumenical_no_more,
          nicolae_overflow_crystal_walls

Skill      XL: |  1  2  3  4  5  6  7 |
---------------+----------------------+-----
Stealth        | 1 2 3 |  3.4
Transmutations | 3 4 |  4.7
Fighting       | 2 |  2.7
Ice Magic      | 1 2 |  2.2
Spellcasting   | 3 |  3.2
Unarmed Combat | 4 |  4.1
Dodging        | |  2.0

Action                   |  1- 3 |  4- 6 |  7- 9 || total
-------------------------+-------+-------+-------++-------
Melee: Unarmed           |    88 |   127 |    29 ||   244
       Constrict         |    25 |    40 |     6 ||    71
       Kick              |    10 |    40 |     8 ||    58
       Tentacles         |    14 |    24 |     8 ||    46
       Punch             |     5 |     1 |     2 ||     8
 Cast: Beastly Appendage |    15 |    19 |     5 ||    39
       Wereblood         |     2 |     9 |     2 ||    13
  Use: Scroll            |       |     2 |     3 ||     5
 Stab: Sleeping          |     5 |    10 |     1 ||    16
Armor: Skin              |     3 |     9 |     3 ||    15
Dodge: Dodged            |    50 |    59 |    26 ||   135
